 Dungeon Crawl Stone Soup version 0.20.1-1-g8b1a95d (webtiles) character file.

206 equalderp2856 the Ducker (level 5, 0/28 HPs)
             Began as a Spriggan Fighter on July 17, 2017.
             Slain by an orc wizard
             ... wielding a cursed -3 dagger
              (2 damage)
             ... on level 3 of the Dungeon.
             The game lasted 00:10:04 (4848 turns).

equalderp2856 the Ducker (Spriggan Fighter)         Turns: 4848, Time: 00:10:04

Health: 0/28       AC:  2    Str: 15 (18) XL:     5   Next: 53%
Magic:  6/6        EV: 19    Int:  9 (10) God:
Gold:   82         SH:  5    Dex: 12 (15) Spells: 2/4 levels left

rFire    . . .     SeeInvis +   a - +0 rapier
rCold    . . .     Gourm    .   c - +0 buckler
rNeg     . . .     Faith    .   b - +0 robe
rPois    .         Spirit   .   (helmet restricted)
rElec    .         Reflect  .   (no cloak)
rCorr    .         Harm     .   (gloves unavailable)
MR       .....                  (boots unavailable)
Stlth    ++........             (no amulet)
Regen    0.1/turn               (no ring)
MPRegen  0.1/turn               (no ring)

@: mighty, flying, very quick
A: unfitting armour, see invisible, herbivore 3, speed 3, slow metabolism 2
a: no special abilities


You were on level 3 of the Dungeon.
You were near starving.

You visited 1 branch of the dungeon, and saw 3 of its levels.

You collected 82 gold pieces.

Inventory:

Hand Weapons
 a - a +0 rapier (weapon)
 g - a +0 short sword
 n - a +0 hunting sling
 q - a +0 dagger
 s - a +0 hunting sling
Missiles
 e - 101 stones (quivered)
 m - 6 sling bullets
 v - 10 bolts
Armour
 b - a +0 robe (worn)
 c - a +0 buckler (worn)
 j - a +0 robe
Jewellery
 r - an uncursed ring of poison resistance {unknown}
Scrolls
 h - 3 scrolls of enchant weapon {unknown}
 k - 2 scrolls of enchant armour {unknown}
 l - a scroll of remove curse {unknown}
 o - 2 scrolls of fog {unknown}
 u - a scroll of identify {unknown}
Books
 t - a book of Minor Magic

   Spells                             Type                      Level
   a - Magic Dart                     Conjuration                  1
   b - Blink                          Translocation                2
   c - Call Imp                       Summoning                    2
   d - Slow                           Hexes                        2
   e - Conjure Flame                  Conjuration/Fire             3
   f - Mephitic Cloud                 Conjuration/Poison/Air       3
Comestibles
 f - 2 bread rations
 i - 4 fruits


   Skills:
 + Level 3.4 Fighting
 + Level 4.1 Short Blades
 + Level 6.0 Dodging
 + Level 1.6 Stealth
 + Level 2.4 Shields


You had 2 spell levels left.
You knew the following spells:

 Your Spells              Type           Power        Failure   Level  Hunger
a - Blink                 Tloc           N/A          65%         2    ###....


Dungeon Overview and Level Annotations

Branches:
Dungeon (3/15)

Altars:
Xom
The Shining One


Innate Abilities, Weirdness & Mutations

You are very small and have problems with some larger weapons.
You are too small for most types of armour.
You have supernaturally acute eyesight. (SInv)
You are a herbivore.
You cover ground extremely quickly.
You need consume almost no food.


Message History

The magic dart hits you!
You closely miss the orc wizard.
The orc wizard is moderately wounded.
The orc wizard points at you and mumbles some strange words.
The magic dart hits you!
* * * LOW HITPOINT WARNING * * *
You hit the orc wizard.
The orc wizard is severely wounded.
The orc wizard hits you but does no damage.
It was a potion of flight.
You feel very buoyant.
You fly up into the air.
The orc wizard drinks a potion.
The orc wizard is healed!
It was a potion of degeneration.
There was something very wrong with that liquid.
You feel weakened.
You feel dopey.
You feel clumsy. The orc wizard misses you.
You feel very mighty all of a sudden. The orc wizard hits you with a dagger.
You die...

##.# #....####............ ##..#
###### ##........... ##..## #####
#............ ##..## ##...##
#............ #..## ##.....##
#............ #.## #.......#
#............ ##.# #.......#
#............ ...#
#.......######............
..#######......o@................
...........(..#########.....#....
...#####.......# ########### ...#
#.......# ..## #.......# .##
##.....## ## ##...## #####


You could see an orc wizard.

Vanquished Creatures
  2 orc wizards (D:2)
  7 adders
  3 dart slugs
  5 leopard geckos
  5 orcs
  2 giant cockroaches
  7 goblins
  6 hobgoblins
  3 jackals (D:3)
  8 kobolds
  3 quokkas
  3 ball pythons
  7 bats
  9 frilled lizards
  5 rats
75 creatures vanquished.

Notes
Turn   | Place    | Note
-------+----------+-------------------------------------------
     0 | D:1      | equalderp2856 the Spriggan Fighter began the quest for the Orb.
     0 | D:1      | Reached XP level 1. HP: 11/11 MP: 2/2
   459 | D:1      | Reached XP level 2. HP: 16/16 MP: 3/3
  1552 | D:2      | Reached XP level 3. HP: 16/19 MP: 4/4
  2234 | D:2      | Reached skill level 5 in Dodging
  2266 | D:2      | Reached XP level 4. HP: 22/24 MP: 5/5
  3134 | D:2      | HP: 1/24 [orc wizard/magic dart (7)]
  3143 | D:2      | HP: 1/24 [orc wizard/magic dart (8)]
  3677 | D:2      | Reached skill level 1 in Stealth
  3677 | D:2      | Reached XP level 5. HP: 28/28 MP: 6/6
  4402 | D:3      | Learned a level 2 spell: Blink
  4650 | D:3      | Found a glowing golden altar of the Shining One.
  4650 | D:3      | Found a shimmering altar of Xom.
  4835 | D:3      | Reached skill level 6 in Dodging
  4848 | D:3      | Slain by an orc wizard

Skill      XL: |  1  2  3  4  5 |
---------------+----------------+-----
Fighting       | 3 |  3.4
Short Blades   | 3 4 |  4.1
Dodging        | 5 6 |  6.0
Stealth        | 1 |  1.6
Shields        | |  2.4

Action                   |  1- 3 |  4- 6 || total
-------------------------+-------+-------++-------
Melee: Rapier            |   112 |   188 ||   300
  Use: Potion            |       |     5 ||     5
 Stab: Sleeping          |       |     1 ||     1
Armor: Robe              |    10 |    14 ||    24
Dodge: Dodged            |    79 |   141 ||   220
Block: Buckler           |    24 |    58 ||    82
